 Dungeon Crawl Stone Soup version 0.28.0-45-g0d030f2227 (webtiles) character file.

Game seed: 3366081736936979207

277 Kziril the Skirmisher (level 6, -2/40 HPs)
             Began as a Gargoyle Fighter on Apr 19, 2022.
             Slain by a hornet (3 damage)
             ... on level 7 of the Dungeon.
             The game lasted 00:05:25 (2843 turns).

Kziril the Skirmisher (Gargoyle Fighter)            Turns: 2843, Time: 00:05:26

Health: -2/40      AC: 17    Str: 19    XL:     6   Next: 26%
Magic:  6/6        EV:  5    Int:  9    God:
Gold:   67         SH:  5    Dex: 11    Spells: 5/5 levels left

rFire   . . .      SeeInvis .   a - +0 flail
rCold   . . .      Faith    .   c - +0 buckler
rNeg    + . .      Spirit   .   f - +0 plate armour
rPois   ∞          Reflect  .   (no helmet)
rElec   +          Harm     .   (no cloak)
rCorr   .          Rampage  .   (no gloves)
Will    .....                   k - +0 pair of boots
Stlth   ..........              j - amulet of the acrobat
HPRegen 0.13/turn               (no ring)
MPRegen 0.10/turn               (no ring)

@: no status effects
A: sickness immunity, AC +4, negative energy resistance 1, electricity
resistance, torment resistance 1, petrification resistance
a: no special abilities


You were on level 7 of the Dungeon.
You visited 1 branch of the dungeon, and saw 6 of its levels.

You collected 67 gold pieces.

Inventory:

Hand Weapons
 a - a +0 flail (weapon)
Missiles
 m - a throwing net (quivered)
Armour
 c - a +0 buckler (worn)
 f - a +0 plate armour (worn)
 k - a +0 pair of boots (worn)
Jewellery
 j - an amulet of the acrobat (around neck)
Scrolls
 b - a scroll of identify {unknown}
 e - a scroll of immolation {unknown}
 g - a scroll of fear {unknown}
 h - 2 scrolls of enchant armour {unknown}
 l - a scroll of noise {unknown}
 n - a scroll of fog {unknown}
 p - a scroll of teleportation {unknown}
Potions
 d - a potion of might
 i - a potion of curing {unknown}
 o - a potion of flight {unknown}


   Skills:
 * Level 5.3 Fighting
 + Level 3.2 Maces & Flails
 + Level 4.4 Armour
 + Level 4.4 Shields


You had 5 spell levels left.
You didn't know any spells.
Your spell library contained the following spells:

 Spells                   Type           Power      Damage    Failure   Level
 Scorch                   Fire           0%         2d5       100%        2
 Flame Wave               Conj/Fire      0%         2d4       100%        4
 Summon Cactus Giant      Summ           0%         N/A       100%        6


Dungeon Overview and Level Annotations

Branches:
Dungeon (8/15)
 Temple: D:4-7         Lair: D:8-11

Altars:
Fedhas

Shops:
D:1 [

Annotations:
D:8 Grum


Innate Abilities, Weirdness & Mutations

You are immune to sickness and miasma.
Your stone body is resilient. (AC +4)
You are immune to poison.
You resist negative energy. (rN+)
You are resistant to electric shocks. (rElec)
You are resistant to unholy torment.
You are immune to petrification.


Message History

You closely miss the hornet.
The hornet is lightly wounded.
You block the hornet's attack.
The hornet stings you but does no damage.
You barely miss the hornet.
The hornet is lightly wounded.
You block the hornet's attack.
The hornet stings you but does no damage.
You hit the hornet.
The hornet is moderately wounded.
The hornet stings you!
The hornet stings you but does no damage.
You hit the hornet.
The hornet is moderately wounded.
The hornet stings you.
You hit the hornet but do no damage.
The hornet is moderately wounded.
The hornet stings you but does no damage.
The hornet stings you.
You hit the hornet.
The hornet is heavily wounded.
You block the hornet's attack.
The hornet stings you but does no damage.
You hit the hornet but do no damage.
The hornet is heavily wounded.
You block the hornet's attack. The hornet stings you!
* * * LOW HITPOINT WARNING * * *
You barely miss the hornet.
The hornet is heavily wounded.
You block the hornet's attack. The hornet closely misses you.
You miss the hornet.
The hornet is heavily wounded.
The hornet stings you!
* * * LOW HITPOINT WARNING * * *
The hornet stings you.
* * * LOW HITPOINT WARNING * * *
You closely miss the hornet.
The hornet is heavily wounded.
The hornet stings you.
You die...

#..........#
#..........#
#.....)....#
#####..#.(.#
##.#.###
#.#.# #...#
##..###
#.@..#
##y#.# #.#.#
#####...#
#.......#
#.......#
#.......#
#.......#
#.......#


You could see a hornet.

Vanquished Creatures
  Sigmund (D:3)
  Natasha (D:3)
  4 adders
  2 dart slugs
  6 ball pythons
  5 endoplasms
  7 goblins
  5 hobgoblins
  6 jackals
  5 kobolds
  2 quokkas (D:1)
  4 bats
  2 frilled lizards
  3 rats
53 creatures vanquished.

Notes
Turn   | Place    | Note
-------+----------+-------------------------------------------
     0 | D:1      | Kziril the Gargoyle Fighter began the quest for the Orb.
     0 | D:1      | Reached XP level 1. HP: 14/14 MP: 1/1
   528 | D:1      | Found Eloaxtej's Antique Armour Boutique.
   539 | D:1      | Reached XP level 2. HP: 18/19 MP: 2/2
   748 | D:1      | Reached XP level 3. HP: 23/24 MP: 3/3
  1214 | D:2      | Reached skill level 4 in Fighting
  1666 | D:2      | Found a faded altar of an unknown god.
  1726 | D:2      | Reached XP level 4. HP: 29/29 MP: 4/4
  1745 | D:2      | Found a blossoming altar of Fedhas.
  2338 | D:3      | Noticed Sigmund
  2365 | D:3      | Killed Sigmund
  2366 | D:3      | Reached skill level 5 in Fighting
  2366 | D:3      | Reached XP level 5. HP: 10/35 MP: 5/5
  2366 | D:3      | Reached XP level 6. HP: 11/40 MP: 6/6
  2636 | D:3      | Noticed Natasha
  2665 | D:3      | Killed Natasha
  2752 | D:4      | You fall into a shaft and drop 3 floors!
  2782 | D:8      | Noticed Grum
  2826 | D:7      | Noticed a hornet
  2841 | D:7      | HP: 2/40 [hornet (9)]
  2843 | D:7      | Slain by a hornet

Illustrated notes

Levels and vault maps discovered:
D:1:      minmay_arrival_solitary_statue, layout_loops_cross, serial_shops,
          shop, chequers_serial_rivers_micro_c, st_stairs_9
D:2:      layout_loops_corners, basic_altar,
          dreamdust_ecumenical_altar_angels_and_demons,
          kennysheep_generic_room_4
D:3:      layout_basic, uniq_sigmund, uniq_natasha
D:4:      layout_basic, serial_shops, shop, enter_ossuary_2
D:7:      lemuel_ratsnest, layout_basic, enter_bailey_3, serial_shops,
          nicolae_square_shop
D:8:      layout_loops_corners, uniq_grum

Skill      XL: |  1  2  3  4 |
---------------+-------------+-----
Fighting       | 4 5 |  5.3
Maces & Flails | 3 |  3.2
Armour         | 4 |  4.4
Shields        | 4 |  4.4

Action                   |  1- 3 |  4- 6 || total
-------------------------+-------+-------++-------
Melee: Flail             |   113 |    96 ||   209
Armor: Scale mail        |    17 |       ||    17
       Plate armour      |    71 |    69 ||   140
Dodge: Dodged            |    36 |    18 ||    54
Block: Buckler           |    28 |    21 ||    49
